 Dungeon Crawl Stone Soup version 0.19.5 (webtiles) character file.

20152 equalderp2856 the Covert (level 12, -6/51 HPs)
             Began as a Felid Fighter on Mar 12, 2017.
             Mangled by a wraith (7 damage)
             ... led by Josephine
             ... on level 14 of the Dungeon.
             The game lasted 02:51:02 (41063 turns).

equalderp2856 the Covert (Felid Fighter)           Turns: 41063, Time: 02:51:03

Health: -6/51      AC:  3    Str: 13    XL:     12   Next: 42%
Magic:  0/26       EV: 26    Int: 12    God:
Gold:   1500       SH:  0    Dex: 17    Spells: 8 memorised, 7 levels left
                                        Lives:  0   Deaths: 4

rFire  . . .     SeeInvis +       - Unarmed
rCold  + . .     Gourm    .     (armour unavailable)
rNeg   . . .     Faith    .     (shield unavailable)
rPois  .         Spirit   +     (helmet unavailable)
rElec  .         Reflect  .     (cloak unavailable)
rCorr  .         Harm     .     (gloves unavailable)
MR     +....                    (boots unavailable)
Stlth  ++++++....               t - amulet of guardian spirit
                                R - +2 ring of evasion
                                s - ring of wizardry

@: slowed, drained, slow
A: no armour, no weapons or thrown items, stealth, claws 1, fangs 3, see
invisible, carnivore 3, speed 1, shaggy fur 3, slow metabolism 1, sharp paws
a: no special abilities


You were on level 14 of the Dungeon.
You were not hungry.

You visited 2 branches of the dungeon, and saw 17 of its levels.
You also visited: Ossuary and Ice Cave.

You collected 1500 gold pieces.

Inventory:

Missiles
 m - 333 arrows
Jewellery
 p - a +3 amulet of reflection
 q - an uncursed ring of flight
 s - a ring of wizardry (left paw)
 t - an amulet of guardian spirit (around neck)
 y - an uncursed ring of protection from fire
 B - a +4 amulet of reflection
 E - an uncursed amulet of the gourmand
 F - an uncursed ring of loudness
 R - a +2 ring of evasion (right paw)
 S - an uncursed amulet of faith
Wands
 A - a wand of digging (11/24)
 K - a wand of confusion (7/48)
 M - a wand of flame (19/48)
 Q - a wand of heal wounds (3/9)
Scrolls
 d - 13 scrolls of remove curse
 e - 3 scrolls of identify
 n - 7 scrolls of fog
 u - a scroll of fear
 v - a scroll of recharging
 x - 2 scrolls of immolation
 z - 2 scrolls of teleportation
 T - a scroll of magic mapping
 U - a scroll of vulnerability {unknown}
 W - a scroll of brand weapon {unknown}
Potions
 a - 3 potions of might
 g - 7 potions of brilliance
 h - 3 potions of berserk rage
 i - a potion of lignification
 k - 4 potions of invisibility
 o - 3 potions of agility
 r - 2 potions of resistance
 w - 2 potions of beneficial mutation
 D - 5 potions of haste
 H - a potion of magic {unknown}
 I - 6 potions of degeneration
 O - a potion of cancellation {unknown}
Books
 j - a book of Maledictions

   Spells                             Type                      Level
   a - Corona                         Hexes                        1
   b - Ensorcelled Hibernation        Hexes/Ice                    2
   c - Confuse                        Hexes                        3
   d - Tukima's Dance                 Hexes                        3
   e - Dazzling Spray                 Conjuration/Hexes            3
 J - a book of Frost

   Spells                             Type                      Level
   a - Freeze                         Ice                          1
   b - Throw Frost                    Conjuration/Ice              2
   c - Ozocubu's Armour               Charms/Ice                   3
   d - Throw Icicle                   Conjuration/Ice              4
   e - Summon Ice Beast               Ice/Summoning                4
 P - a book of Battle

   Spells                             Type                      Level
   a - Infusion                       Charms                       1
   b - Shroud of Golubria             Charms/Translocation         2
   c - Song of Slaying                Charms                       2
   d - Spectral Weapon                Hexes/Charms                 3
   e - Regeneration                   Charms/Necromancy            3
Miscellaneous
 V - a box of beasts
Comestibles
 b - 5 meat rations
 c - 9 bread rations
 l - 2 beef jerkies
 L - 26 fruits


   Skills:
 + Level 4.8(4.4) Fighting
 + Level 9.0(8.6) Dodging
 + Level 13.8(13.4) Stealth
 + Level 13.2(12.7) Unarmed Combat
 + Level 9.0(8.6) Spellcasting
 * Level 6.6(6.2) Conjurations
 + Level 12.0(11.5) Hexes
 * Level 6.5(6.1) Summonings
 + Level 4.0(3.7) Ice Magic


You had 7 spell levels left.
You knew the following spells:

 Your Spells              Type           Power        Failure   Level  Hunger
a - Corona                Hex            ####...      1%          1    None
b - Ensorcelled Hibernat  Hex/Ice        ###...       1%          2    None
c - Confuse               Hex            ####....     1%          3    ##.....
d - Tukima's Dance        Hex            ####....     1%          3    ##.....
e - Dazzling Spray        Conj/Hex       ####..       1%          3    ##.....
f - Summon Ice Beast      Ice/Summ       ###.....     9%          4    ####...
g - Throw Icicle          Conj/Ice       ###.....     9%          4    ####...
h - Throw Frost           Conj/Ice       ###...       1%          2    None


Dungeon Overview and Level Annotations

Branches:
Dungeon (14/15)            Temple (0/1) D:7            Lair (3/6) D:9
  Swamp (0/4) Lair:2       Spider (0/4) Lair:2          Orc (0/2) D:9
 Vaults: D:13-14

Altars:
Ashenzari
Cheibriados
Elyvilon
Fedhas
Gozag
Kikubaaqudgha
Nemelex Xobeh
Okawaru
Xom
Zin

Shops:
D:4 *   D:6 (   D:7 :(}(   D:9 (   D:10 *([   D:12 *(

Annotations:
D:10 North's ghost, journeyman DrWr
D:12 Frances
Lair:2 Felix's ghost, journeyman DrBe


Innate Abilities, Weirdness & Mutations

You cannot wear armour.
You are incapable of wielding weapons or throwing items.
Your paws allow you to move quietly. (Stealth)
You have sharp claws.
You have razor-sharp teeth.
You have supernaturally acute eyesight. (SInv)
You are carnivorous and can eat meat at any time.
You cover ground quickly.
Your thick and shaggy fur keeps you warm. (AC +3, rC+)
You have a slow metabolism.
Your sharp claws are effective at attacking unaware monsters.


Message History

You barely miss the wraith.
The wraith is moderately damaged.
The wraith hits you!
* * * LOW HITPOINT WARNING * * *
You feel better. The wraith completely misses you. The wraith misses you.
Okay, then.
The wraith completely misses you.
There is a stone staircase leading down here.
The wraith hits you!
* * * LOW HITPOINT WARNING * * *
The wraith drains your vigour!
You feel as though you will be slow longer.
The wraith hits you.
* * * LOW HITPOINT WARNING * * *
The wraith drains your vigour!
You feel as though you will be slow longer.
You climb downwards.
There is a stone staircase leading up here.
The wraith hits you!
You die...

...... #..
##....##.#.##.
#....... ...... #
#.#...#.###...... .
#.#.#..<#.....#.##.
#.#.#.#.#.........
#.#...#.#.###.#..#
#...#.#.....#.#..#
#.....#####.#.#.@#
#...### ..#W<# #
#...# ####.#.##.####
#...#
##.≈..#........
#...#
##≈#........#.##
#...####≈#≈..#..####
#.(^....#≈...#≈.#
#÷..##.≈....÷#≈.#
#######......#≈.#


You could see a wraith.

Vanquished Creatures
  Josephine (D:13)
  Erolcha (D:11)
  The ghost of kraedy the Basher, a journeyman GrFi of Okawaru (D:13)
  An ice dragon (D:12)
  A hydra (Lair:1)
  Erica (D:8)
  A dancing weapon (D:13)
  A death knight (D:13)
  A queen ant (D:11)
  A tengu warrior (D:13)
  Urug (D:11)
  An unseen horror (D:13)
  Pikel (D:2)
  2 hill giants
  3 ugly things
  A manticore (D:12)
  2 ice statues (IceCv)
  Joseph (D:9)
  4 spiny frogs
  The ghost of North the Spear-Bearer, a novice MfGl (D:4)
  2 black mambas
  Psyche (D:9)
  A gargoyle (D:13)
  An efreet (D:13)
  3 komodo dragons
  10 ice devils (IceCv)
  3 rime drakes
  A centaur skeleton (D:12)
  A freezing wraith (D:13)
  A polar bear (Lair:3)
  5 trolls
  3 two-headed ogres
  5 blink frogs (Lair:3)
  3 hippogriffs
  Sigmund (D:3)
  A shadow (D:13)
  4 wyverns
  4 vampires
  21 yaks
  7 wraiths
  2 water elementals (D:12)
  Eustachio (D:4)
  2 hungry ghosts (D:10)
  2 steam dragons
  6 swamp worms (Lair:2)
  7 vampire mosquitoes (D:12)
  Edmund (D:6)
  20 soldier ants (D:11)
  3 porcupines
  4 water moccasins
  3 phantoms
  5 ice beasts
  13 orc warriors
  5 sky beasts
  2 black bears
  2 necrophages
  8 ogres
  9 centaurs
  10 crocodiles
  2 big kobolds
  A wyvern zombie (D:12)
  13 bullfrogs
  2 elf skeletons (D:8)
  13 scorpions
  A killer bee (D:9)
  14 wights
  6 electric eels
  A howler monkey (D:6)
  6 crimson imps
  3 bullfrog zombies
  3 centaur zombies
  2 human zombies
  2 quasits
  6 hounds
  2 jellies
  18 orc wizards
  Crazy Yiuf (D:5)
  2 bullfrog skeletons
  5 orc priests
  A human skeleton (D:8)
  6 iguanas
  32 worker ants
  A killer bee zombie (D:8)
  3 hound zombies
  3 mummies (Ossuary)
  11 gnolls
  5 scorpion zombies (Ossuary)
  14 adders
  5 shadow imps
  8 white imps (IceCv)
  2 oozes
  8 ufetubi (IceCv)
  An adder skeleton (D:8)
  3 worms
  2 dart slugs
  4 leopard geckos
  81 orcs
  7 bats
  10 giant cockroaches
  A gnoll zombie (Ossuary)
  13 goblins
  13 hobgoblins
  13 jackals
  16 kobolds
  8 quokkas
  5 ball pythons
  8 frilled lizards
  2 goblin zombies (Ossuary)
  A hobgoblin zombie (Ossuary)
  3 jackal skeletons
  2 kobold zombies (Ossuary)
  An orc skeleton (D:8)
  2 orc zombies
  8 rats
616 creatures vanquished.

Vanquished Creatures (others)
  A reaper (IceCv)
  2 slaves (D:4)
  A hound (D:9)
  An orc priest (D:9)
  An orc wizard (D:4)
  A scorpion zombie (Ossuary)
  A white imp (IceCv)
  2 ufetubi (IceCv)
  An orc (D:4)
  4 fungi (Lair:2)
  30 plants
45 creatures vanquished.

Grand Total: 661 creatures vanquished

Notes
Turn   | Place    | Note
-------+----------+-------------------------------------------
     0 | D:1      | equalderp2856 the Felid Fighter began the quest for the Orb.
     0 | D:1      | Reached XP level 1. HP: 10/10 MP: 2/2
   317 | D:1      | Reached XP level 2. HP: 14/14 MP: 3/3
  1076 | D:2      | Found a shattered altar of Ashenzari.
  1271 | D:2      | Reached XP level 3. HP: 8/17 MP: 4/4
  1922 | D:2      | Reached skill level 5 in Unarmed Combat
  2025 | D:2      | Found a blossoming altar of Fedhas.
  2379 | D:3      | Reached XP level 4. HP: 21/21 MP: 5/5
  2560 | D:3      | Noticed Sigmund
  2881 | D:3      | Reached skill level 1 in Stealth
  3166 | D:3      | Killed from afar by an orc wizard
  3167 | D:3      | Reached XP level 3. HP: -2/17 MP: 4/4
  3191 | D:3      | Found a glowing silver altar of Zin.
  3264 | D:3      | Reached XP level 4. HP: 21/21 MP: 5/5
  4722 | D:5      | Entered Level 5 of the Dungeon
  4817 | D:5      | Noticed an ogre
  4856 | D:4      | Noticed North's ghost (novice MfGl)
  4936 | D:4      | Found a snail-covered altar of Cheibriados.
  4936 | D:4      | Found an opulent altar of Gozag.
  4951 | D:4      | Noticed Pikel
  4951 | D:4      | Noticed a slave
  4951 | D:4      | Noticed a slave
  4957 | D:4      | Noticed a slave
  5022 | D:3      | Reached XP level 5. HP: 18/24 MP: 1/6
  5199 | D:4      | Noticed an ogre
  5401 | D:4      | Noticed a slave
  5545 | D:2      | Killed an ogre
  5545 | D:2      | Reached skill level 5 in Dodging
  5860 | D:4      | Found Zisioma's General Store.
  6753 | D:4      | Found an iron altar of Okawaru.
  7291 | D:5      | Noticed Eustachio
  7327 | D:5      | Found a runed door.
  7368 | D:5      | Gained mutation: You are covered in thick fur. (AC +2) [Felid growth]
  7368 | D:5      | Reached XP level 6. HP: 28/28 MP: 5/7
  7947 | D:6      | Found Kumourr's Weapon Boutique.
  7961 | D:6      | Noticed a water moccasin
  8026 | D:6      | Noticed Edmund
  8059 | D:7      | Found Pulil's Weapon Shop.
  8068 | D:7      | Found a staircase to the Ecumenical Temple.
  8288 | D:6      | Noticed a water moccasin
  8297 | D:6      | Killed a water moccasin
  8297 | D:6      | Reached XP level 7. HP: 13/31 MP: 4/8
  8689 | D:6      | Learned a level 1 spell: Corona
  8692 | D:6      | Learned a level 2 spell: Ensorcelled Hibernation
  8696 | D:6      | Learned a level 3 spell: Confuse
  9010 | D:5      | Found an ancient bone altar of Kikubaaqudgha.
  9043 | D:6      | Found an opulent altar of Gozag.
  9655 | D:2      | Reached skill level 5 in Stealth
  9735 | D:2      | Killed Pikel
  9735 | D:2      | Reached XP level 8. HP: 36/36 MP: 1/12
  9947 | D:4      | Reached skill level 1 in Ice Magic
 10613 | D:5      | Found a sparkling altar of Nemelex Xobeh.
 11022 | D:4      | Killed Eustachio
 11312 | D:4      | Killed North's ghost
 11782 | D:5      | Noticed Crazy Yiuf
 11787 | D:5      | Killed Crazy Yiuf
 12122 | D:6      | Killed Edmund
 12122 | D:6      | Reached XP level 9. HP: 39/39 MP: 10/15
 13029 | D:7      | Reached skill level 5 in Hexes
 13301 | D:7      | Found Hocug's Book Shop.
 13366 | D:7      | Reached skill level 10 in Unarmed Combat
 13557 | D:7      | Found Gion's Weapon Shop.
 13602 | D:7      | Found Senoug's Gadget Boutique.
 13701 | D:8      | Found a shimmering altar of Xom.
 13712 | D:8      | Found a shimmering altar of Xom.
 13712 | D:8      | Found a shimmering altar of Xom.
 13713 | D:8      | Found a shimmering altar of Xom.
 13843 | D:8      | Found a sand-covered staircase.
 13879 | Ossuary  | Entered an ossuary
 14161 | Ossuary  | Reached XP level 10. HP: 41/43 MP: 15/17
 15036 | D:9      | Noticed Joseph
 15899 | D:8      | Reached skill level 5 in Spellcasting
 15933 | D:9      | Killed Joseph
 15955 | D:9      | Noticed Psyche
 16045 | D:9      | Killed Psyche
 16297 | D:9      | Found Pofid's Weapon Emporium.
 16297 | D:9      | Found a staircase to the Orcish Mines.
 16801 | D:9      | Noticed Erica
 17265 | D:8      | Killed Erica
 17265 | D:8      | Reached skill level 10 in Stealth
 17299 | D:8      | Learned a level 3 spell: Tukima's Dance
 17303 | D:8      | Learned a level 3 spell: Dazzling Spray
 17646 | D:9      | Found a staircase to the Lair.
 18209 | D:9      | Reached XP level 11. HP: 46/46 MP: 18/21
 18340 | D:9      | Found a white marble altar of Elyvilon.
 18697 | D:10     | Entered Level 10 of the Dungeon
 18805 | D:10     | Found Burauten's Antique Weapon Shop.
 19047 | D:10     | Found Diusol's Antique Armour Shoppe.
 19398 | D:10     | Noticed North's ghost (journeyman DrWr)
 19581 | Lair:1   | Entered Level 1 of the Lair of Beasts
 20034 | Lair:1   | Noticed a seven-headed hydra
 20053 | Lair:1   | Killed a seven-headed hydra
 20156 | Lair:1   | Learned a level 4 spell: Summon Ice Beast
 20161 | Lair:1   | Learned a level 4 spell: Throw Icicle
 20164 | Lair:1   | Learned a level 2 spell: Throw Frost
 20491 | Lair:2   | Found a hole to the Spider Nest.
 20956 | Lair:2   | Reached skill level 1 in Summonings
 21103 | Lair:2   | Reached skill level 1 in Conjurations
 21160 | Lair:1   | Slain by a black mamba
 21161 | Lair:1   | Reached XP level 10. HP: -3/43 MP: 0/21
 21195 | Lair:1   | Killed a black mamba
 21228 | Lair:2   | Noticed Felix's ghost (journeyman DrBe)
 21472 | Lair:3   | Noticed a black mamba
 21482 | Lair:3   | Killed a black mamba
 21547 | Lair:3   | Noticed a spiny frog
 21554 | Lair:3   | Killed a spiny frog
 21641 | Lair:3   | Slain by a blink frog
 21642 | Lair:3   | Reached XP level 9. HP: 0/39 MP: 0/20
 21666 | Lair:3   | Reached XP level 10. HP: 43/43 MP: 15/21
 22717 | Lair:2   | Reached skill level 10 in Hexes
 22722 | Lair:2   | Found a staircase to the Swamp.
 23050 | Lair:2   | Noticed a spiny frog
 23056 | Lair:2   | Killed a spiny frog
 23443 | Lair:2   | Reached XP level 11. HP: 46/46 MP: 4/23
 25435 | D:3      | Killed Sigmund
 26205 | D:10     | Found Qeoqigoschu's General Store.
 26993 | D:11     | Noticed a queen ant
 28479 | D:11     | Noticed a hill giant
 28482 | D:11     | Killed a hill giant
 28574 | D:11     | Noticed Urug
 28637 | D:11     | Killed Urug
 28693 | D:11     | Noticed Erolcha
 28700 | D:11     | Killed Erolcha
 28962 | D:11     | Gained mutation: Your thick and shaggy fur keeps you warm. (AC +3, rC+) [Felid growth]
 28962 | D:11     | Reached XP level 12. HP: 50/50 MP: 20/25
 29229 | D:11     | Killed a queen ant
 30441 | D:12     | Reached skill level 5 in Conjurations
 30533 | D:12     | Found Ruamiock's Blood Bar.
 30741 | D:11     | Reached skill level 5 in Summonings
 31453 | D:12     | Found Lizxuhuo's Antique Weapon Shoppe.
 34302 | D:12     | Noticed an ice dragon
 34471 | D:12     | HP: 1/50 [ice dragon (7)]
 34778 | D:12     | Killed an ice dragon
 34968 | D:13     | Noticed Frances
 35106 | D:13     | Noticed a death knight
 35411 | D:13     | Noticed kraedy's ghost (journeyman GrFi)
 35425 | D:13     | Killed kraedy's ghost
 35515 | D:13     | Noticed a tengu warrior
 35519 | D:13     | Killed a tengu warrior
 36249 | D:13     | Noticed Josephine
 36776 | D:14     | Found a frozen archway.
 36782 | D:14     | Reached XP level 13. HP: 54/54 MP: 26/26
 36840 | IceCv    | Entered an ice cave
 37212 | IceCv    | Killed a reaper
 40706 | D:13     | Killed from afar by Josephine
 40707 | D:13     | Reached XP level 12. HP: 0/76 MP: 0/26
 41043 | D:13     | Killed Josephine
 41053 | D:13     | HP: 1/51 [wraith[Josephine] (12)]
 41061 | D:13     | HP: 1/51 [wraith[Josephine] (2)]
 41063 | D:14     | Mangled by a wraith

Skill      XL: |  1  2  3  4  5  6  7  8  9 10 11 12 13 |
---------------+----------------------------------------+-----
Unarmed Combat | 5 6 7 8 9 10 12 13 | 13.2
Stealth        | 2 3 4 5 6 8 10 12 13 | 13.8
Dodging        | 5 6 8 9 |  9.0
Spellcasting   | 2 3 4 7 8 9 |  9.0
Hexes          | 2 4 6 10 9 12 | 12.0
Ice Magic      | 1 3 4 |  4.0
Fighting       | 4 |  4.8
Summonings     | 3 4 5 6 |  6.5
Conjurations   | 3 4 6 |  6.6

Action                   |  1- 3 |  4- 6 |  7- 9 | 10-12 | 13-15 || total
-------------------------+-------+-------+-------+-------+-------++-------
Melee: Unarmed           |   134 |   241 |   278 |  1106 |   237 ||  1996
       Bite              |    11 |    21 |    36 |   112 |    44 ||   224
       Punch             |     1 |     3 |    13 |    56 |    20 ||    93
 Cast: Ensorcelled Hiber |       |       |    22 |   236 |     9 ||   267
       Corona            |       |       |    10 |     6 |       ||    16
       Confuse           |       |       |    23 |   173 |    18 ||   214
       Dazzling Spray    |       |       |       |    12 |    45 ||    57
  Use: Potion            |     1 |       |     1 |    11 |     5 ||    18
       Scroll            |       |     8 |       |    24 |       ||    32
 Stab: Sleeping          |     2 |     4 |    22 |   113 |    10 ||   151
       Confused          |       |       |     5 |    49 |     8 ||    62
       Distracted        |       |       |     1 |     6 |       ||     7
       Invisible         |       |       |       |       |     4 ||     4
  Eat: Chunk             |    10 |    16 |     9 |    59 |       ||    94
       Pizza             |       |       |       |     2 |       ||     2
       Beef jerky        |       |       |       |     1 |     2 ||     3
       Meat ration       |       |       |       |     1 |     1 ||     2
       Royal jelly       |       |       |       |     1 |       ||     1
Armor: Skin              |     4 |     9 |     7 |    28 |     7 ||    55
Dodge: Dodged            |    97 |   200 |   167 |   771 |   159 ||  1394
